 Dungeon Crawl Stone Soup version 0.31-a0-152-g6aa68a64a1 (webtiles) character file.

Game seed: 573321092634955242

35193 qw the Cleaver (level 13, -7/84 HPs)
             Began as a Gargoyle Fighter on June 11, 2023.
             Was an Elder of Okawaru.
             Mangled by a five-headed hydra (12 damage)
             ... on level 5 of the Lair of Beasts.
             The game lasted 00:08:33 (16862 turns).

qw the Cleaver (Gargoyle Fighter)                  Turns: 16862, Time: 00:08:34

Health: -7/84      AC: 31    Str: 25    XL:     13   Next: 82%
Magic:  20/20      EV: 14    Int:  9    God:    Okawaru [****..]
Gold:   600        SH: 11    Dex:  9    Spells: 12/12 levels left

rFire   . . .        n - +0 morningstar
rCold   . . .        c - +0 buckler
rNeg    + . .        b - +2 plate armour
rPois   inf          (no helmet)
rElec   +            f - +2 cloak
rCorr   .            (no gloves)
SInv    +            (no boots)
Will    .....        l - amulet of reflection Stlth
                     r - ring of see invisible
HPRegen 0.34/turn    o - +5 ring of evasion
MPRegen 0.17/turn

%: reflection
@: about to teleport, heroic
A: sickness immunity, AC +9, negative energy resistance 1, electricity
resistance, torment resistance 1, petrification resistance
a: Renounce Religion, Heroism, Finesse


You were on level 5 of the Lair of Beasts.
You worshipped Okawaru.
Okawaru was greatly pleased with you.
You visited 3 branches of the dungeon, and saw 17 of its levels.

You collected 1082 gold pieces.
You spent 482 gold pieces at shops.


Innate Abilities, Weirdness & Mutations

You are immune to sickness and miasma.
Your stone body is resilient. (AC +9)
You are immune to poison.
You resist negative energy. (rN+)
You are resistant to electric shocks. (rElec)
You are resistant to unholy torment.
You are immune to petrification.


   Skills:
 - Level 11.1(16.1) Fighting
 + Level 14.2(19.2) Axes
 - Level 6.0(11.0) Throwing
 - Level 9.0(14.0) Armour
 - Level 2.1(7.1) Dodging
 - Level 7.0(12.0) Shields
 - Level 10.0 Invocations


You had 12 spell levels left.
You didn't know any spells.
Your spell library was empty.

Inventory:

Hand Weapons
 n - a +0 morningstar (weapon)
 u - a +4 vampiric broad axe
 v - a +0 war axe
Missiles
 q - a javelin
 t - a silver javelin (quivered)
Armour
 b - a +2 plate armour (worn)
 c - a +0 buckler (worn)
 f - a +2 cloak (worn)
 w - the +1 chain mail of Untruth {rF+}
   (You found it on level 4 of the Lair of Beasts)

   rF:        It protects you from fire.
Jewellery
 i - a +6 ring of dexterity
 l - an amulet of reflection (around neck)
 o - a +5 ring of evasion (right hand)
 r - a ring of see invisible (left hand)
Scrolls
 k - a scroll of teleportation
 m - 8 scrolls of identify
Potions
 a - 2 potions of mutation
 d - 2 potions of might
 e - 5 potions of curing
 g - 2 potions of lignification
 h - 4 potions of haste
 j - 2 potions of attraction
 p - a potion of heal wounds
 s - a potion of magic

Dungeon Overview and Level Annotations

Branches:
Dungeon (11/15)            Temple (1/1) D:5            Lair (5/5) D:11
  Swamp (0/4) Lair:2        Snake (0/4) Lair:2        Slime (0/5) Lair:4
    Orc (0/2) D:10

Altars:
Ashenzari
Cheibriados
Dithmenos
Elyvilon
Fedhas
Gozag
Hepliaklqana
Kikubaaqudgha
Makhleb
Nemelex Xobeh
Okawaru
Qazlal
Ru
Sif Muna
Trog
Uskayaw
Vehumet
Wu Jian
Xom
Yredelemnul
Zin
The Shining One

Shops:
D:6 *   D:7 *

Annotations:
Lair:5 1 runed translucent door, qw's ghost, journeyman GrHu


Message History

You block the five-headed hydra's attack.
The five-headed hydra misses you.
The five-headed hydra barely misses you.
The five-headed hydra closely misses you.
The five-headed hydra bites you but does no damage.
The hell rat closely misses you. The wolf misses you.
Enter note:
Enter note:
Enter note:
Enter note:
Enter note:
Enter note:
Enter note:
Enter note: You closely miss the black mamba.
The black mamba bites you but does no damage.
You block the wolf's attack. The wolf closely misses you.
The wolf bites you but does no damage. The black mamba barely misses you.
The five-headed hydra bites you but does no damage.
The five-headed hydra bites you!
You block the five-headed hydra's attack.
The five-headed hydra bites you but does no damage.
The five-headed hydra bites you!
The hell rat bites you but does no damage.
Enter note:
Enter note:
Enter note:
Enter note:
Enter note:
Enter note:
Enter note:
Enter note:
16862 ||| READING 2 scrolls of teleportation.
As you read the scroll of teleportation, it crumbles to dust.
You feel strangely unstable.
You block the wolf's attack. x2; The black mamba barely misses you.
A water moccasin comes into view.
The wolf bites you but does no damage. x2; You block the hell rat's attack.
The five-headed hydra bites you!
You die...

.....%%<...............
.......................
......................
......P%.##.........# [
........## #...<.[..# ..
.........# #........#.#.
#........####...SrS.....
##.......#.....rhhYS....
##P...........#@SYh...(
###......##+##FDhr....
#......#.~W#hYh.....
##.....#.~.###r.....
##....#.~.# ##...S
##...#.~.# #l..
....#$/$# #.P ###..#####
#(


You could see a five-headed hydra, a komodo dragon, 2 black mambas, 3 yaks, a
cane toad, 3 water moccasins, 6 wolves and 4 hell rats.

Vanquished Creatures
  4 hydras
  2 two-headed ogres
  3 skysharks
  A deep elf pyromancer (D:11)
  An oklob plant (Lair:2)
  An ugly thing (D:7)
  A cyclops (D:11)
  2 manticores (D:11)
  A guardian serpent (D:11)
  Maurice (D:8)
  4 elephants (Lair:4)
  5 centaur zombies (D:10)
  11 cane toads
  Maggie (D:7)
  5 komodo dragons
  3 unseen horror zombies (D:10)
  2 rime drakes
  A troll (D:7)
  3 polar bears
  4 blink frogs (Lair:3)
  A slime creature (D:7)
  A shadow (D:7)
  A vampire (D:10)
  3 wyverns
  30 yaks
  5 basilisks
  Grum (Lair:1)
  A steam dragon (D:9)
  2 vampire mosquitoes (D:10)
  2 acid dragons
  21 water moccasins
  5 orc warriors
  3 black bears
  2 centaurs
  An ice beast (D:7)
  37 wolves
  2 phantoms
  2 kobold brigands (D:8)
  A gnoll sergeant (D:7)
  7 bullfrogs
  A necrophage (D:10)
  2 scorpions
  16 wights
  9 killer bees
  4 electric eels (Lair:4)
  2 howler monkeys
  A human zombie (D:10)
  3 hounds
  6 orc priests
  2 gnoll boudas (D:8)
  7 jellies
  2 sleepcaps (D:5)
  Jessica (D:3)
  4 iguanas
  9 orc wizards
  6 adders
  15 gnolls
  A shadow imp (D:5)
  3 white imps
  An ufetubus (D:7)
  A dart slug (D:1)
  24 orcs
  5 bats
  8 endoplasms
  6 giant cockroaches
  6 goblins
  5 hobgoblins
  8 jackals
  17 kobolds
  2 quokkas
  6 ball pythons
  2 frilled lizards
  3 rats
372 creatures vanquished.

Notes
Turn   | Place    | Note
-------+----------+-------------------------------------------
     0 | D:1      | qw the Gargoyle Fighter began the quest for the Orb.
     0 | D:1      | Reached XP level 1. HP: 14/14 MP: 1/1
     0 | D:1      | 0 ||| qw: Version: 0.2-a-29-gdad1ea2
     0 | D:1      | 0 ||| qw: Game counter: 4060
     0 | D:1      | 0 ||| qw: Always use a shield: true
     0 | D:1      | 0 ||| qw: God list: Okawaru
     0 | D:1      | 0 ||| qw: Allow faded altars: false
     0 | D:1      | 0 ||| qw: Do Orc after D:15 true
     0 | D:1      | 0 ||| qw: Do second Lair branch before Depths: true
     0 | D:1      | 0 ||| qw: Lair rune preference: random
     0 | D:1      | 0 ||| qw: Plans: Normal, Zot:1-4, Slime:5, God:TSO, Crypt,
                  | Tomb, Abyss, Pan, Hells, Win
     0 | D:1      | 0 ||| PLANNING D:1-11
    60 | D:1      | Reached skill level 2 in Axes
   272 | D:1      | Reached XP level 2. HP: 19/19 MP: 2/2
   363 | D:1      | 363 ||| Stepping ~*~*~tactically~*~*~ (stealth).
   668 | D:1      | Reached skill level 3 in Axes
   741 | D:1      | Reached XP level 3. HP: 22/23 MP: 3/3
   751 | D:1      | 751 ||| DROPPING +0 club.
   801 | D:1      | 801 ||| DROPPING +0 whip.
  1091 | D:1      | 1091 ||| UPGRADING to +6 ring of dexterity.
  1092 | D:1      | 1092 ||| READING scroll labelled UNGULE ROGEH.
  1093 | D:1      | 1093 ||| DRINKING 3 viscous silvery potions.
  1156 | D:2      | 1156 ||| Stepping ~*~*~tactically~*~*~ (stealth).
  1157 | D:2      | 1157 ||| Stepping ~*~*~tactically~*~*~ (stealth).
  1359 | D:2      | Reached skill level 1 in Dodging
  1502 | D:2      | Reached XP level 4. HP: 28/28 MP: 4/4
  1742 | D:2      | 1742 ||| UPGRADING to +5 ring of evasion.
  1743 | D:2      | 1743 ||| READING scroll labelled CENIGE CUXT.
  1796 | D:3      | Noticed Jessica
  1797 | D:3      | 1797 ||| Stepping ~*~*~tactically~*~*~ (hiding).
  1798 | D:3      | 1798 ||| Stepping ~*~*~tactically~*~*~ (hiding).
  1799 | D:3      | 1799 ||| Stepping ~*~*~tactically~*~*~ (hiding).
  1807 | D:3      | Killed Jessica
  1808 | D:3      | Reached skill level 4 in Axes
  1829 | D:3      | Identified the +1 hand axe of the Hidden Vale {venom,
                  | Int+3}
  2143 | D:3      | 2143 ||| Stepping ~*~*~tactically~*~*~ (stealth).
  2228 | D:3      | Found a sacrificial altar of Ru.
  2424 | D:3      | Reached XP level 5. HP: 30/32 MP: 5/5
  2490 | D:3      | Found a glowing silver altar of Zin.
  2492 | D:3      | 2492 ||| READING scroll labelled FONLEU WAFALIU.
  2515 | D:3      | 2515 ||| DRINKING 2 fizzy silvery potions.
  2691 | D:4      | Noticed a phantom
  2702 | D:4      | Killed a phantom
  2703 | D:4      | Reached skill level 5 in Axes
  2716 | D:4      | Reached XP level 6. HP: 21/38 MP: 6/6
  2914 | D:4      | Found a broken altar of Ashenzari.
  3818 | D:4      | 3818 ||| READING scroll labelled KICSAS HOUTI.
  3836 | D:5      | Entered Level 5 of the Dungeon
  3876 | D:5      | Found a staircase to the Ecumenical Temple.
  3877 | D:5      | 3877 ||| PLANNING TEMPLE
  3886 | Temple   | Entered the Ecumenical Temple
  3938 | Temple   | 3938 ||| PLANNING OKAWARU WORSHIP
  4020 | Temple   | Became a worshipper of Warmaster Okawaru
  4020 | Temple   | 4020 ||| PLANNING D:1-11
  4315 | D:5      | Found a snail-covered altar of Cheibriados.
  4356 | D:5      | Found a basalt altar of Yredelemnul.
  4388 | D:5      | Found a white marble altar of Elyvilon.
  4400 | D:5      | Identified the +1 hand axe "Imepsaka" {antimagic, rPois rN+
                  | Str+3}
  4528 | D:5      | 4528 ||| Stepping ~*~*~tactically~*~*~ (hiding).
  4661 | D:5      | Reached skill level 6 in Axes
  4661 | D:5      | Reached XP level 7. HP: 40/43 MP: 7/7
  4761 | D:5      | 4761 ||| Stepping ~*~*~tactically~*~*~ (hiding).
  4892 | D:5      | Found a shadowy altar of Dithmenos.
  5000 | D:5      | Found a blossoming altar of Fedhas.
  5528 | D:5      | 5528 ||| DRINKING 3 golden potions.
  5529 | D:5      | 5529 ||| DROPPING 2 potions of brilliance.
  5657 | D:6      | Found a hide-covered altar of Uskayaw.
  5711 | D:6      | Found Iluaj's General Store.
  5719 | D:6      | Reached skill level 7 in Axes
  5736 | D:6      | 5736 ||| Stepping ~*~*~tactically~*~*~ (hiding).
  5737 | D:6      | 5737 ||| Stepping ~*~*~tactically~*~*~ (hiding).
  5850 | D:6      | 5850 ||| BUYING potion of mutation (112 gold).
  5850 | D:6      | Bought a potion of mutation for 112 gold pieces
  5850 | D:6      | 5850 ||| BUYING ring of see invisible (210 gold).
  5850 | D:6      | Bought a ring of see invisible for 210 gold pieces
  6265 | D:6      | 6265 ||| DRINKING 4 potions of curing.
  6265 | D:6      | 6265 ||| (to cure confusion)
  6269 | D:6      | Reached * piety under Okawaru
  6270 | D:6      | Reached XP level 8. HP: 47/49 MP: 8/8
  6298 | D:6      | Reached skill level 1 in Invocations
  6298 | D:6      | 6298 ||| DROPPING +0 mace.
  6491 | D:6      | 6491 ||| UPGRADING to +0 chain mail.
  6501 | D:6      | 6501 ||| DROPPING +0 scale mail.
  6502 | D:6      | 6502 ||| UPGRADING to ring of see invisible.
  6504 | D:6      | 6504 ||| READING scroll labelled ZAXETTAEGE.
  6505 | D:6      | 6505 ||| READING scroll labelled JIOKUTWEQY.
  6506 | D:6      | 6506 ||| READING scroll labelled LOUHIKL PYFEAPN.
  6507 | D:6      | 6507 ||| DRINKING 2 lumpy amethyst potions.
  6600 | D:7      | 6600 ||| Stepping ~*~*~tactically~*~*~ (hiding).
  6602 | D:7      | 6602 ||| INVOKING Heroism.
  6614 | D:7      | 6614 ||| INVOKING Heroism.
  6725 | D:7      | 6725 ||| INVOKING Heroism.
  6745 | D:7      | Noticed a purple ugly thing
  6746 | D:7      | 6746 ||| Stepping ~*~*~tactically~*~*~ (stealth).
  6747 | D:7      | 6747 ||| Stepping ~*~*~tactically~*~*~ (stealth).
  6749 | D:7      | 6749 ||| Stepping ~*~*~tactically~*~*~ (stealth).
  6750 | D:7      | Noticed a troll
  6763 | D:7      | Killed a purple ugly thing
  6764 | D:7      | Reached skill level 8 in Axes
  6764 | D:7      | 6764 ||| INVOKING Heroism.
  6772 | D:7      | HP: 5/49 [troll (8)]
  6773 | D:7      | 6773 ||| DRINKING potion of heal wounds.
  6777 | D:7      | 6777 ||| INVOKING Heroism.
  6780 | D:7      | Killed a troll
  6781 | D:7      | Reached skill level 3 in Invocations
  6781 | D:7      | Reached XP level 9. HP: 15/55 MP: 6/11
  6787 | D:7      | Reached skill level 6 in Fighting
  6787 | D:7      | HP: 13/55 [bullfrog (4)]
  6791 | D:7      | Reached skill level 9 in Axes
  6808 | D:7      | 6808 ||| Stepping ~*~*~tactically~*~*~ (stealth).
  6809 | D:7      | 6809 ||| INVOKING Heroism.
  6812 | D:7      | HP: 13/55 [killer bee (7)]
  6864 | D:7      | 6864 ||| FLEEEEING.
  7001 | D:7      | 7001 ||| Stepping ~*~*~tactically~*~*~ (stealth).
  7008 | D:7      | 7008 ||| INVOKING Heroism.
  7019 | D:7      | 7019 ||| Stepping ~*~*~tactically~*~*~ (stealth).
  7076 | D:7      | 7076 ||| Stepping ~*~*~tactically~*~*~ (stealth).
  7084 | D:7      | 7084 ||| INVOKING Heroism.
  7148 | D:7      | 7148 ||| Stepping ~*~*~tactically~*~*~ (stealth).
  7159 | D:7      | Reached ** piety under Okawaru
  7203 | D:7      | 7203 ||| Stepping ~*~*~tactically~*~*~ (stealth).
  7211 | D:7      | 7211 ||| Stepping ~*~*~tactically~*~*~ (stealth).
  7217 | D:7      | 7217 ||| INVOKING Heroism.
  7334 | D:7      | Noticed Maggie
  7335 | D:7      | 7335 ||| Stepping ~*~*~tactically~*~*~ (hiding).
  7337 | D:7      | 7337 ||| Stepping ~*~*~tactically~*~*~ (hiding).
  7338 | D:7      | 7338 ||| Stepping ~*~*~tactically~*~*~ (hiding).
  7351 | D:7      | 7351 ||| INVOKING Heroism.
  7352 | D:7      | Killed Maggie
  7425 | D:7      | 7425 ||| SWAPPING to +0 broad axe.
  7426 | D:7      | 7426 ||| DROPPING +1 war axe.
  7456 | D:7      | Reached skill level 10 in Axes
  7464 | D:7      | Reached XP level 10. HP: 63/63 MP: 13/13
  7607 | D:7      | Found a bloodstained altar of Trog.
  7643 | D:7      | 7643 ||| Stepping ~*~*~tactically~*~*~ (hiding).
  7654 | D:7      | 7654 ||| Stepping ~*~*~tactically~*~*~ (hiding).
  7661 | D:7      | 7661 ||| Stepping ~*~*~tactically~*~*~ (stealth).
  7665 | D:7      | 7665 ||| INVOKING Heroism.
  7962 | D:7      | Found Sicamp's General Store.
  7979 | D:7      | 7979 ||| Stepping ~*~*~tactically~*~*~ (stealth).
  8203 | D:7      | 8203 ||| UPGRADING to +0 plate armour.
  8213 | D:7      | 8213 ||| DROPPING +0 chain mail.
  8214 | D:7      | 8214 ||| READING scroll of enchant armour.
  8214 | D:7      | 8214 ||| ENCHANTING +0 plate armour.
  8215 | D:7      | 8215 ||| READING 3 scrolls labelled JUEWEO CIBRYDI.
  8220 | D:7      | 8220 ||| READING scroll labelled ESUEFYD CEZE.
  8221 | D:7      | 8221 ||| DRINKING 2 purple potions.
  8222 | D:7      | 8222 ||| DROPPING potion of enlightenment.
  8297 | D:8      | Noticed Maurice
  8298 | D:8      | 8298 ||| Stepping ~*~*~tactically~*~*~ (hiding).
  8322 | D:8      | Killed Maurice
  8421 | D:8      | 8421 ||| UPGRADING to +0 cloak.
  8426 | D:8      | 8426 ||| DRINKING 2 fizzy orange potions.
  8427 | D:8      | 8427 ||| DROPPING potion of degeneration.
  8442 | D:8      | 8442 ||| Stepping ~*~*~tactically~*~*~ (stealth).
  8446 | D:8      | 8446 ||| Stepping ~*~*~tactically~*~*~ (hiding).
  8452 | D:8      | 8452 ||| Stepping ~*~*~tactically~*~*~ (hiding).
  8454 | D:8      | 8454 ||| INVOKING Heroism.
  8476 | D:8      | 8476 ||| Stepping ~*~*~tactically~*~*~ (stealth).
  8477 | D:8      | 8477 ||| Stepping ~*~*~tactically~*~*~ (stealth).
  8487 | D:8      | 8487 ||| Stepping ~*~*~tactically~*~*~ (stealth).
  8493 | D:8      | 8493 ||| Stepping ~*~*~tactically~*~*~ (hiding).
  8575 | D:8      | 8575 ||| READING scroll of enchant armour.
  8575 | D:8      | 8575 ||| ENCHANTING +0 cloak.
  8658 | D:8      | Noticed a two-headed ogre
  8659 | D:8      | 8659 ||| INVOKING Heroism.
  8667 | D:8      | Killed a two-headed ogre
  8667 | D:8      | Reached *** piety under Okawaru
  8852 | D:8      | 8852 ||| Stepping ~*~*~tactically~*~*~ (hiding).
  8971 | D:8      | 8971 ||| DROPPING amulet of magic regeneration.
  8972 | D:8      | 8972 ||| READING 2 scrolls of identify.
  8972 | D:8      | 8972 ||| IDENTIFYING smoky blue potion
  8984 | D:7      | 8984 ||| BUYING potion of attraction (48 gold).
  8984 | D:7      | Bought a potion of attraction for 48 gold pieces
  8984 | D:7      | 8984 ||| BUYING potion of curing (48 gold).
  8984 | D:7      | Bought a potion of curing for 48 gold pieces
  8984 | D:7      | 8984 ||| SHOPLISTING ring of fire (400 gold, have 135).
  8984 | D:7      | 8984 ||| BUYING scroll of identify (32 gold).
  8984 | D:7      | Bought a scroll of identify for 32 gold pieces
  8984 | D:7      | 8984 ||| BUYING scroll of identify (32 gold).
  8984 | D:7      | Bought a scroll of identify for 32 gold pieces
  8993 | D:8      | 8993 ||| Stepping ~*~*~tactically~*~*~ (stealth).
  8996 | D:8      | 8996 ||| Stepping ~*~*~tactically~*~*~ (hiding).
  9029 | D:8      | 9029 ||| Stepping ~*~*~tactically~*~*~ (stealth).
  9133 | D:8      | 9133 ||| INVOKING Heroism.
  9170 | D:8      | 9170 ||| FLEEEEING.
  9235 | D:8      | 9235 ||| DROPPING +0 flail.
  9247 | D:8      | 9247 ||| Stepping ~*~*~tactically~*~*~ (hiding).
  9253 | D:8      | 9253 ||| INVOKING Heroism.
  9285 | D:8      | Found a sparkling altar of Nemelex Xobeh.
  9291 | D:8      | Identified the +4 chain mail "Negriuja" {rElec Dex+3}
  9414 | D:8      | 9414 ||| DROPPING +4 chain mail "Negriuja" {rElec Dex+3}.
  9438 | D:9      | 9438 ||| INVOKING Heroism.
  9493 | D:9      | 9493 ||| FLEEEEING.
  9496 | D:9      | 9496 ||| STAIRDANCE
  9566 | D:9      | 9566 ||| INVOKING Heroism.
  9567 | D:9      | 9567 ||| Stepping ~*~*~tactically~*~*~ (cloud).
  9721 | D:9      | 9721 ||| Stepping ~*~*~tactically~*~*~ (stealth).
  9863 | D:9      | 9863 ||| READING scroll of enchant armour.
  9863 | D:9      | 9863 ||| ENCHANTING +1 cloak.
  9920 | D:9      | 9920 ||| Stepping ~*~*~tactically~*~*~ (hiding).
  9930 | D:9      | Reached skill level 11 in Axes
 10061 | D:9      | Found a hazy altar of Hepliaklqana.
 10256 | D:10     | Entered Level 10 of the Dungeon
 10256 | D:10     | Found a shimmering altar of Xom.
 10269 | D:10     | 10269 ||| DRINKING 5 potions of curing.
 10269 | D:10     | 10269 ||| (to cure confusion)
 10274 | D:10     | 10274 ||| DRINKING 4 potions of curing.
 10274 | D:10     | 10274 ||| (to cure confusion)
 10305 | D:10     | Found a staircase to the Orcish Mines.
 10317 | D:10     | Found a shimmering blue altar of Sif Muna.
 10357 | D:10     | 10357 ||| Stepping ~*~*~tactically~*~*~ (stealth).
 10400 | D:10     | 10400 ||| INVOKING Heroism.
 10407 | D:10     | Reached XP level 11. HP: 31/69 MP: 11/14
 10547 | D:10     | 10547 ||| DROPPING +1 flail of protection.
 10723 | D:10     | 10723 ||| Stepping ~*~*~tactically~*~*~ (stealth).
 10727 | D:10     | Reached skill level 9 in Fighting
 10729 | D:10     | 10729 ||| Stepping ~*~*~tactically~*~*~ (stealth).
 10745 | D:10     | 10745 ||| INVOKING Heroism.
 10870 | D:10     | Reached **** piety under Okawaru
 10968 | D:10     | Received a gift from Okawaru
 11022 | D:10     | Found an ancient bone altar of Kikubaaqudgha.
 11125 | D:10     | Reached skill level 12 in Axes
 11125 | D:10     | Reached skill level 6 in Invocations
 11443 | D:10     | Found an ornate altar of the Wu Jian Council.
 11472 | D:10     | 11472 ||| UPGRADING to amulet of reflection.
 11553 | D:11     | Noticed a manticore
 11554 | D:11     | 11554 ||| Stepping ~*~*~tactically~*~*~ (hiding).
 11555 | D:11     | 11555 ||| Stepping ~*~*~tactically~*~*~ (hiding).
 11559 | D:11     | 11559 ||| INVOKING Heroism.
 11567 | D:11     | Killed a manticore
 11711 | D:11     | 11711 ||| INVOKING Heroism.
 11742 | D:11     | 11742 ||| INVOKING Heroism.
 11753 | D:11     | HP: 11/71 [komodo dragon (16)]
 11754 | D:11     | 11754 ||| READING 3 scrolls of teleportation.
 11757 | D:11     | 11757 ||| INVOKING Heroism.
 11938 | D:11     | Noticed a cyclops
 11939 | D:11     | 11939 ||| INVOKING Heroism.
 11947 | D:11     | Killed a cyclops
 12093 | D:11     | 12093 ||| READING 2 scrolls of enchant weapon.
 12093 | D:11     | 12093 ||| ENCHANTING +0 broad axe.
 12094 | D:11     | 12094 ||| READING scroll of enchant weapon.
 12094 | D:11     | 12094 ||| ENCHANTING +1 broad axe.
 12126 | D:11     | Noticed a manticore
 12127 | D:11     | 12127 ||| INVOKING Heroism.
 12135 | D:11     | Killed a manticore
 12220 | D:11     | Noticed a two-headed ogre
 12221 | D:11     | 12221 ||| INVOKING Heroism.
 12232 | D:11     | Killed a two-headed ogre
 12320 | D:11     | 12320 ||| INVOKING Heroism.
 12336 | D:11     | Reached XP level 12. HP: 46/76 MP: 15/18
 12438 | D:11     | Reached skill level 6 in Shields
 12488 | D:11     | Found a staircase to the Lair.
 12526 | D:11     | 12526 ||| PLANNING LAIR
 12559 | Lair:1   | Entered Level 1 of the Lair of Beasts
 12588 | Lair:1   | 12588 ||| Stepping ~*~*~tactically~*~*~ (hiding).
 12613 | Lair:1   | 12613 ||| Stepping ~*~*~tactically~*~*~ (stealth).
 12623 | Lair:1   | Reached ***** piety under Okawaru
 12635 | Lair:1   | Received a gift from Okawaru
 12645 | Lair:1   | Reached skill level 9 in Invocations
 12705 | Lair:1   | 12705 ||| Stepping ~*~*~tactically~*~*~ (stealth).
 12835 | Lair:1   | 12835 ||| INVOKING Heroism.
 12933 | Lair:1   | Noticed Grum
 12934 | Lair:1   | 12934 ||| INVOKING Heroism.
 12952 | Lair:1   | 12952 ||| INVOKING Finesse.
 12961 | Lair:1   | Reached skill level 3 in Throwing
 12968 | Lair:1   | 12968 ||| INVOKING Heroism.
 12974 | Lair:1   | Killed Grum
 13331 | Lair:1   | 13331 ||| Stepping ~*~*~tactically~*~*~ (stealth).
 13782 | Lair:1   | 13782 ||| READING scroll labelled HIFUDUACOGG.
 13861 | Lair:2   | 13861 ||| INVOKING Heroism.
 13877 | Lair:2   | Found a staircase to the Swamp.
 13965 | Lair:2   | 13965 ||| Stepping ~*~*~tactically~*~*~ (hiding).
 13977 | Lair:2   | Found a bloodstained altar of Trog.
 13998 | Lair:2   | Found a staircase to the Snake Pit.
 13999 | Lair:2   | 13999 ||| INVOKING Heroism.
 14218 | Lair:2   | 14218 ||| READING scroll of enchant armour.
 14218 | Lair:2   | 14218 ||| ENCHANTING +1 plate armour.
 14229 | Lair:2   | 14229 ||| INVOKING Heroism.
 14300 | Lair:2   | 14300 ||| Stepping ~*~*~tactically~*~*~ (stealth).
 14494 | Lair:2   | 14494 ||| INVOKING Heroism.
 14505 | Lair:2   | Received a gift from Okawaru
 14706 | Lair:2   | 14706 ||| Stepping ~*~*~tactically~*~*~ (stealth).
 14782 | Lair:2   | 14782 ||| READING 7 scrolls of identify.
 14782 | Lair:2   | 14782 ||| IDENTIFYING bubbling dark potion
 14813 | Lair:3   | Reached skill level 13 in Axes
 14849 | Lair:3   | Noticed a six-headed hydra
 14850 | Lair:3   | 14850 ||| INVOKING Heroism.
 14851 | Lair:3   | 14851 ||| SWAPPING to +0 morningstar.
 14858 | Lair:3   | Killed a six-headed hydra
 14859 | Lair:3   | 14859 ||| SWAPPING to +2 vampiric broad axe.
 14978 | Lair:3   | Noticed a four-headed hydra
 14979 | Lair:3   | 14979 ||| INVOKING Heroism.
 14984 | Lair:3   | 14984 ||| SWAPPING to +0 morningstar.
 14986 | Lair:3   | Killed a four-headed hydra
 14987 | Lair:3   | Reached skill level 9 in Armour
 14987 | Lair:3   | Reached XP level 13. HP: 73/82 MP: 18/20
 14987 | Lair:3   | 14987 ||| SWAPPING to +2 vampiric broad axe.
 15090 | Lair:3   | 15090 ||| Stepping ~*~*~tactically~*~*~ (stealth).
 15173 | Lair:3   | Received a gift from Okawaru
 15194 | Lair:3   | 15194 ||| READING scroll of enchant weapon.
 15194 | Lair:3   | 15194 ||| ENCHANTING +2 vampiric broad axe.
 15271 | Lair:3   | 15271 ||| Stepping ~*~*~tactically~*~*~ (stealth).
 15272 | Lair:3   | 15272 ||| INVOKING Heroism.
 15274 | Lair:3   | 15274 ||| Stepping ~*~*~tactically~*~*~ (stealth).
 15303 | Lair:3   | 15303 ||| INVOKING Heroism.
 15347 | Lair:3   | 15347 ||| INVOKING Heroism.
 15387 | Lair:3   | 15387 ||| Stepping ~*~*~tactically~*~*~ (stealth).
 15391 | Lair:3   | 15391 ||| INVOKING Heroism.
 15467 | Lair:3   | 15467 ||| Stepping ~*~*~tactically~*~*~ (stealth).
 15469 | Lair:3   | 15469 ||| INVOKING Heroism.
 15473 | Lair:3   | 15473 ||| SWAPPING to +0 morningstar.
 15481 | Lair:3   | 15481 ||| SWAPPING to +3 vampiric broad axe.
 15543 | Lair:3   | Reached skill level 14 in Axes
 15564 | Lair:3   | 15564 ||| Stepping ~*~*~tactically~*~*~ (stealth).
 15895 | Lair:3   | 15895 ||| DROPPING amulet of the acrobat.
 15896 | Lair:3   | 15896 ||| READING scroll labelled WEMIAF HOVUMN.
 15923 | Lair:4   | Found a staircase to the Slime Pits.
 15953 | Lair:4   | 15953 ||| Stepping ~*~*~tactically~*~*~ (water).
 15999 | Lair:4   | 15999 ||| INVOKING Heroism.
 16029 | Lair:4   | 16029 ||| Stepping ~*~*~tactically~*~*~ (water).
 16129 | Lair:4   | 16129 ||| INVOKING Heroism.
 16130 | Lair:4   | 16130 ||| INVOKING Finesse.
 16367 | Lair:4   | 16367 ||| Stepping ~*~*~tactically~*~*~ (water).
 16430 | Lair:4   | Identified the +1 chain mail of Untruth {rF+}
 16753 | Lair:5   | Entered Level 5 of the Lair of Beasts
 16754 | Lair:5   | 16754 ||| INVOKING Heroism.
 16802 | Lair:5   | 16802 ||| READING scroll of enchant weapon.
 16802 | Lair:5   | 16802 ||| ENCHANTING +3 vampiric broad axe.
 16810 | Lair:5   | Found a runed translucent door.
 16816 | Lair:5   | Noticed qw's ghost (journeyman GrHu)
 16818 | Lair:5   | 16818 ||| Stepping ~*~*~tactically~*~*~ (hiding).
 16834 | Lair:5   | 16834 ||| INVOKING Heroism.
 16840 | Lair:5   | Reached skill level 6 in Throwing
 16842 | Lair:5   | 16842 ||| SWAPPING to +0 morningstar.
 16861 | Lair:5   | HP: 15/84 [five-headed hydra (10)]
 16861 | Lair:5   | HP: 5/84 [five-headed hydra (10)]
 16862 | Lair:5   | 16862 ||| READING 2 scrolls of teleportation.
 16862 | Lair:5   | Mangled by a five-headed hydra

Levels and vault maps discovered:
D:1:      shiori_arrival_oz, layout_loops_corners, serial_rivers,
          chequers_serial_rivers_large_b, chequers_serial_rivers_micro_d,
          chequers_serial_rivers_micro_b, chequers_serial_rivers_room_a,
          chequers_serial_rivers_marsh, chequers_serial_rivers_micro_e
D:2:      layout_basic
D:3:      layout_basic, nicolae_ru_sacrificial_ziggurat, general_overflow_altar,
          uniq_jessica
D:4:      layout_layer_cave, lemuel_crystal_altar, dreamdust_princess_corridor
D:5:      layout_layer_cave, fedhas_altar_decomposition, cheibriados_altar_1,
          mainiacjoe_overflow_catwalk, lemuel_crystal_altar,
          mainiacjoe_overflow_paths, minmay_temple_entry_statues_fountains
D:6:      layout_loops_ring, nicolae_uskayaw_murder_on_the_dancefloor,
          serial_shops, nicolae_square_shop
D:7:      cheibrodos_fzero, layout_loops_corners, lightli_temple_of_fire,
          nicolae_take_the_stairs, uniq_maggie
D:8:      layout_basic, lemuel_coloured_pillars_altar,
          minmay_misc_feat_diagonals, uniq_maurice
D:9:      layout_irregular_city, old_standard_altar
D:10:     layout_loops_ring, lemuel_crystal_altar,
          mainiacjoe_overflow_six_doors_small,
          lemuel_mausoleum_altar_kikubaaqudgha, mainiacjoe_overflow_alcove_4
D:11:     layout_roguey, lair_entry_dummy, nrook_guardian_serpent_ordinary
Temple:   nicolae_temple_superstar
Lair:1:   layout_regular_city, grunt_megastairs_4, uniq_grum
Lair:2:   layout_long_grid, swamp_mist, guppyfry_snake_entry_garden,
          basic_altar, chequers_serial_rivers_small_a, beast_lair_carwin_8
Lair:3:   layout_roguey, serial_bayou_crossing
Lair:4:   layout_hall_layers, slime_entry_1, serial_bayou, serial_bayou_ford_a,
          serial_bayou_pond_e, serial_bayou_lake_a, serial_bayou_pond_b,
          serial_bayou_pond_d
Lair:5:   evil_forest, layout_hall_layers, ebering_ghost_reflecting_pool,
          infiniplex_staircase_pool_2

Skill      XL: |  1  2  3  4  5  6  7  8  9 10 11 12 13 |
---------------+----------------------------------------+-----
Axes           | 2 3 4 5 6 7 8 10 11 12 13 14 | 14.2
Dodging        | 1 2 |  2.1
Fighting       | 4 5 7 8 9 10 11 | 11.1
Invocations    | 3 4 8 10 | 10.0
Throwing       | 2 4 6 |  6.0
Shields        | 4 5 6 7 |  7.0
Armour         | 4 7 8 9 |  9.0

Action                     |  1- 3 |  4- 6 |  7- 9 | 10-12 | 13-15 || total
---------------------------+-------+-------+-------+-------+-------++-------
  Melee: War axe           |   136 |   126 |   192 |       |       ||   454
         Broad axe         |       |       |    11 |   763 |   242 ||  1016
         Morningstar       |       |       |       |     9 |    26 ||    35
  Throw: Boomerang         |       |       |    23 |    57 |     1 ||    81
         Javelin           |       |       |       |    15 |    50 ||    65
 Invoke: Heroism           |       |       |    10 |    26 |     9 ||    45
         Finesse           |       |       |       |     1 |     1 ||     2
    Use: Scroll            |     1 |     3 |     3 |    12 |     4 ||    23
         Potion            |     1 |     1 |     4 |     4 |       ||    10
 Armour: Scale mail        |    66 |    42 |    25 |       |       ||   133
         Chain mail        |       |       |    37 |    45 |       ||    82
         Plate armour      |       |       |       |   385 |   176 ||   561
  Dodge: Dodged            |    51 |    84 |   119 |   463 |   149 ||   866
  Block: Buckler           |    29 |    23 |    42 |   335 |   166 ||   595

Table legend:
 A = Non-vault XP
 B = Vault XP
 C = Vault XP percentage of total XP
 D = Non-vault monster count
 E = Vault monster count
 F = Vault count percentage of total count
                 A         B        C        D         E       F
            +---------+---------+-------+---------+---------+-------
      Total |   39958 |   10319 |  20.5 |     320 |      52 |  14.0
            +---------+---------+-------+---------+---------+-------
        D:1 |      41 |       2 |   4.7 |      22 |       1 |   4.3
        D:2 |      46 |       0 |   0.0 |      24 |       0 |   0.0
        D:3 |      51 |      37 |  42.0 |      10 |       1 |   9.1
        D:4 |     184 |       0 |   0.0 |      12 |       0 |   0.0
        D:5 |     412 |       0 |   0.0 |      13 |       0 |   0.0
        D:6 |     522 |       0 |   0.0 |      13 |       0 |   0.0
        D:7 |    1819 |    2336 |  56.2 |      32 |      15 |  31.9
        D:8 |    1542 |     469 |  23.3 |      32 |       1 |   3.0
        D:9 |    1230 |       0 |   0.0 |      15 |       0 |   0.0
       D:10 |    2335 |    3666 |  61.1 |      17 |      12 |  41.4
       D:11 |    3895 |     484 |  11.1 |      17 |       1 |   5.6
     Lair:1 |    4710 |    2149 |  31.3 |      30 |      13 |  30.2
     Lair:2 |    3141 |    1025 |  24.6 |      13 |       7 |  35.0
     Lair:3 |   10636 |       0 |   0.0 |      38 |       0 |   0.0
     Lair:4 |    5957 |     151 |   2.5 |      17 |       1 |   5.6
     Lair:5 |    3437 |       0 |   0.0 |      15 |       0 |   0.0
            +---------+---------+-------+---------+---------+-------
